 Dungeon Crawl Stone Soup version 0.18.1-6-gd335043 (webtiles) character file.

9438 Pavgran the Changer (level 11, -4/109 HPs)
             Began as a Red Draconian Transmuter on May 18, 2016.
             Was the Champion of Ru.
             Slain by a polar bear (6 damage)
             ... on level 1 of the Lair of Beasts on May 19, 2016.
             The game lasted 01:43:30 (12977 turns).

Pavgran the Changer (Red Draconian Transmuter)     Turns: 12977, Time: 01:43:31

Health: -4/109     AC:  6    Str: 15    XL:     11   Next: 23%
Magic:  0/20       EV: 20    Int: 14    God:    Ru [******]
Gold:   200        SH:  0    Dex: 17    Spells: 6 memorised, 2 levels left

rFire  x x .     SeeInvis .       - Unarmed
rCold  + + .     Gourm    .     (armour unavailable)
rNeg   . . .     Faith    .     (shield currently unavailable)
rPois  +         Spirit   +     (helmet currently unavailable)
rElec  .         Dismiss  .     (cloak currently unavailable)
rCorr  .         Reflect  .     (gloves currently unavailable)
SustAt .         Harm     .     (boots currently unavailable)
MR     .....                    r - amulet of guardian spirit
Stlth  +++++.....               c - ring of stealth
                                g - +2 ring of evasion

@: agile, ice-form, very slightly contaminated, not resistant to hostile
enchantments, quite stealthy
A: (breathe fire), unfitting armour, (fire resistance 0), (cold-blooded),
inability to use devices, inexperienced 1, temperature sensitive, AC +7
a: End Transformation, Draw Out Power, Power Leap, Apocalypse, Renounce Religion


You were on level 1 of the Lair of Beasts.
You worshipped Ru.
Ru was exalted by your worship.
You were not hungry.
You were a creature of crystalline ice.
You visited 3 branches of the dungeon, and saw 12 of its levels.
You also visited: Sewer and Ossuary.

You collected 694 gold pieces.
You spent 494 gold pieces at shops.

Inventory:

Missiles
 a - 259 arrows
Armour
 B - a +1 pair of gloves (melded)
 C - a +0 cloak (melded)
Jewellery
 c - a ring of stealth (right front paw)
 g - a +2 ring of evasion (left front paw)
 p - an uncursed amulet of dismissal
 r - an amulet of guardian spirit (around neck)
 K - an uncursed ring of teleportation
Scrolls
 f - 5 scrolls of remove curse
 i - a scroll of magic mapping
 k - a scroll of recharging
 t - a scroll of immolation
 G - a scroll of enchant armour
Potions
 d - 3 potions of flight
 e - 2 potions of cancellation
 j - a potion of brilliance
 l - a potion of magic
 s - 3 potions of might
Books
 b - a book of Changes

   Spells                             Type                      Level
   a - Beastly Appendage              Transmutation                1
   b - Sticks to Snakes               Transmutation                2
   c - Spider Form                    Transmutation/Poison         3
   d - Ice Form                       Ice/Transmutation            4
   e - Blade Hands                    Transmutation                5
 q - a book of Fire

   Spells                             Type                      Level
   a - Ignite Poison                  Fire/Transmutation/Poison    3
   b - Fireball                       Conjuration/Fire             5
   c - Bolt of Fire                   Conjuration/Fire             6
   d - Delayed Fireball               Conjuration/Fire             7
   e - Ring of Flames                 Charms/Fire                  7
 y - a book of Callings

   Spells                             Type                      Level
   a - Summon Small Mammal            Summoning                    1
   b - Call Imp                       Summoning                    2
   c - Call Canine Familiar           Summoning                    3
   d - Summon Guardian Golem          Hexes/Summoning              3
   e - Summon Lightning Spire         Summoning/Air                4
   f - Summon Ice Beast               Ice/Summoning                4
 E - a book of Envenomations

   Spells                             Type                      Level
   a - Spider Form                    Transmutation/Poison         3
   b - Olgreb's Toxic Radiance        Poison                       4
   c - Alistair's Intoxication        Transmutation/Poison         5
   d - Poisonous Cloud                Conjuration/Poison/Air       6
Comestibles
 n - a fruit
 x - a meat ration
 z - 3 bread rations
 A - 2 beef jerkies


   Skills:
 + Level 6.5 Fighting
 + Level 5.8 Dodging
 + Level 5.8 Stealth
 + Level 6.8 Unarmed Combat
 + Level 6.3 Spellcasting
 + Level 7.1 Transmutations
 + Level 5.2 Fire Magic
 + Level 5.3 Ice Magic
 + Level 4.9 Poison Magic


You had 2 spell levels left.
You knew the following spells:

 Your Spells              Type           Power        Failure   Level  Hunger
a - Beastly Appendage     Trmt           ###...       1%          1    None
b - Ice Form              Ice/Trmt       ###.....     14%         4    ####...
c - Blade Hands           Trmt           ###.......   24%         5    ######.
d - Olgreb's Toxic Radia  Pois           ###.....     24%         4    ####...
e - Spider Form           Trmt/Pois      ###.......   4%          3    ###....
f - Ignite Poison         Fire/Trmt/Pois ###.....     6%          3    ###....


Dungeon Overview and Level Annotations

Branches:
Dungeon (10/15)            Temple (1/1) D:4            Lair (1/8) D:10
    Orc: D:9-12

Altars:
Ashenzari
Cheibriados
Dithmenos
Elyvilon
Fedhas
Gozag
Kikubaaqudgha
Makhleb
Nemelex Xobeh
Okawaru
Pakellas
Qazlal
Ru
Sif Muna
Trog
Vehumet
Xom
Yredelemnul
Zin
The Shining One

Shops:
D:5 %   D:6 (   D:8 *


Innate Abilities, Weirdness & Mutations

((You can breathe blasts of fire.))
((Your fiery red scales are hard (AC +7).))
Your body does not fit into most forms of armour.
((Your flesh is heat resistant.))
((You are cold-blooded and may be slowed by cold attacks.))
You cannot study or use magical devices.
You are somewhat inexperienced (-2 XL).
You are sensitive to extremes of temperature (rF-, rC-).


Message History

You hit the polar bear.
The polar bear is heavily wounded.
The polar bear bites you!
* * * LOW HITPOINT WARNING * * *
The polar bear misses you. The polar bear claws you.
* * * LOW HITPOINT WARNING * * *
You punch the polar bear!
The polar bear is severely wounded.
Drink which item? (? for menu, Esc to quit)
You feel agile all of a sudden.
The polar bear goes berserk!
You hit the polar bear but do no damage.
The polar bear is severely wounded.
The polar bear closely misses you. The polar bear barely misses you.
The polar bear claws you but does no damage.
The polar bear barely misses you. The polar bear completely misses you.
The polar bear claws you.
* * * LOW HITPOINT WARNING * * *
The polar bear bites you!
You die...

.......................P.........
.#.###.#####................. ...
.### ## #..............# .Y .##
#..............# #. ..#
##..............# #. .P#
#......h........## #. .##
####.....#.######†.#####.
.#######.##.....h### #.†......
................YP# #........
##.#.##.##.#.....## #........
###........#.....# #........
#.#...........##### ##........
#.#......#.....##.###....##.##
#........#.......Y.......#### #
##........#....>..........#
###..+......................#
†.....##+#+.......Y.........####


You could see 2 polar bears.

Vanquished Creatures
  Pikel (D:6)
  A hill giant (D:10)
  A deep elf mage (D:10)
  A spiny frog (Lair:1)
  A troll (D:9)
  4 blink frogs (Lair:1)
  10 yaks (Lair:1)
  A hungry ghost (D:10)
  4 hippogriffs
  Menkaure (D:7)
  The ghost of Statics the Shield-Bearer, an amateur VSFi (D:3)
  2 porcupines (Lair:1)
  A water moccasin (Lair:1)
  A sky beast (D:9)
  2 black bears
  3 orc warriors
  2 slaves (D:6)
  5 ogres
  A phantom (D:5)
  4 wolves (Lair:1)
  9 centaurs
  A crocodile (Lair:1)
  3 big kobolds
  8 giant frogs
  A water moccasin zombie (Ossuary)
  4 scorpions
  A wyvern skeleton (D:8)
  A killer bee (D:9)
  A wight (D:9)
  3 crimson imps
  A centaur zombie (D:9)
  2 centaur skeletons (D:9)
  2 giant frog zombies
  A gnoll shaman (D:8)
  2 hounds
  3 jellies
  3 orc priests
  11 orc wizards
  A giant frog skeleton (D:8)
  Jessica (D:2)
  5 iguanas
  Ijyb (D:3)
  Natasha (twice) (D:2)
  8 worker ants
  A big kobold zombie (Ossuary)
  A hound zombie (D:9)
  2 mummies (Ossuary)
  A worker ant zombie (D:8)
  13 gnolls
  A howler monkey zombie (D:10)
  10 adders
  A howler monkey skeleton (D:7)
  2 river rats
  A shadow imp (D:6)
  A white imp (D:4)
  An ooze (D:2)
  A worm zombie (D:5)
  5 adder zombies
  2 worms
  A dart slug (D:2)
  5 giant geckos
  23 orcs
  9 bats
  3 giant cockroaches
  3 goblins
  6 hobgoblins
  4 jackals
  16 kobolds
  6 quokkas
  5 ball pythons
  4 giant newts
  2 gnoll zombies (Ossuary)
  3 hobgoblin zombies (Ossuary)
  5 kobold zombies (Ossuary)
  5 orc zombies (Ossuary)
  10 rats
  A bush (D:7)
276 creatures vanquished.

Vanquished Creatures (others)
  A gargoyle (D:10)
  A yak (Lair:1)
  A slave (D:6)
  A wolf (Lair:1)
  A giant frog (D:8)
  A scorpion (D:9)
  An orc priest (D:6)
  An orc (D:10)
  2 fungi (Lair:1)
  2 plants (Lair:1)
12 creatures vanquished.

Grand Total: 288 creatures vanquished

Notes
Turn   | Place    | Note
--------------------------------------------------------------
     0 | D:1      | Pavgran the Draconian Transmuter began the quest for the Orb.
     0 | D:1      | Reached XP level 1. HP: 16/16 MP: 3/3
   181 | D:1      | Reached XP level 2. HP: 22/23 MP: 5/5
   773 | D:2      | Reached XP level 3. HP: 26/28 MP: 4/6
   907 | D:2      | Noticed Jessica
   925 | D:2      | Killed Jessica
   925 | D:2      | Reached skill level 1 in Stealth
   925 | D:2      | Reached XP level 4. HP: 20/36 MP: 7/7
   931 | D:2      | Learned a level 4 spell: Ice Form
  1198 | D:2      | Noticed Natasha
  1208 | D:2      | Killed Natasha
  1208 | D:2      | Reached skill level 3 in Transmutations
  1208 | D:2      | Reached skill level 1 in Ice Magic
  1403 | D:2      | Noticed Natasha
  1415 | D:2      | Killed Natasha
  1415 | D:2      | Reached XP level 5. HP: 22/41 MP: 8/8
  1457 | D:3      | Found an ancient bone altar of Kikubaaqudgha.
  1489 | D:3      | Noticed Ijyb
  1546 | D:3      | Killed Ijyb
  1705 | D:3      | Found a glowing drain.
  1710 | Sewer    | Entered a sewer
  1802 | Sewer    | Reached XP level 6. HP: 40/48 MP: 0/10
  1831 | Sewer    | Found a white marble altar of Elyvilon.
  2547 | D:3      | Noticed Statics's ghost (amateur VSFi)
  2558 | D:3      | Killed Statics's ghost
  2696 | D:3      | Found an oddly glowing altar of Pakellas.
  2876 | D:4      | Reached skill level 4 in Transmutations
  2881 | D:4      | Your scales start taking on a fiery red colour.
  2881 | D:4      | Reached XP level 7. HP: 17/55 MP: 11/11
  2881 | D:4      | Gained mutation: Your flesh is heat resistant. [Red Draconian growth]
  3726 | D:4      | Found a glowing golden altar of the Shining One.
  3780 | D:4      | Learned a level 5 spell: Blade Hands
  4132 | D:4      | Found a staircase to the Ecumenical Temple.
  4141 | Temple   | Entered the Ecumenical Temple
  4173 | Temple   | Became a worshipper of Ru the Awakened
  4379 | D:5      | Entered Level 5 of the Dungeon
  4482 | D:5      | HP: 2/67 [phantom (4)]
  4782 | D:5      | Found a sand-covered staircase.
  4804 | Ossuary  | Entered an ossuary
  4993 | Ossuary  | Reached XP level 8. HP: 34/63 MP: 13/13
  5373 | D:5      | Found a deep blue altar of Sif Muna.
  5497 | D:5      | Found Uwkuss's Food Shop.
  5536 | D:5      | Bought a meat ration for 65 gold pieces
  5536 | D:5      | Bought a meat ration for 65 gold pieces
  5536 | D:5      | Bought a bread ration for 65 gold pieces
  5536 | D:5      | Bought a bread ration for 65 gold pieces
  5722 | D:5      | Found a burning altar of Makhleb.
  5913 | D:5      | Gained mutation: You are somewhat inexperienced (-2 XL). [Ru sacrifice]
  5913 | D:5      | Reached XP level 7. HP: 57/57 MP: 12/12
  5913 | D:5      | Reached XP level 6. HP: 51/51 MP: 11/11
  5913 | D:5      | Reached * piety under Ru
  5932 | D:5      | Reached skill level 5 in Transmutations
  6098 | D:6      | Reached XP level 7. HP: 24/58 MP: 5/12
  6442 | D:6      | Found an opulent altar of Gozag.
  6503 | D:6      | Reached skill level 5 in Unarmed Combat
  6708 | D:6      | HP: 2/58 [poisoned by a scorpion]
  6716 | D:6      | HP: 2/58 [poisoned by a scorpion]
  7116 | D:6      | Found Keapsaz's Antique Weapon Shop.
  7119 | D:6      | Bought a hand crossbow for 84 gold pieces
  7287 | D:6      | Noticed Pikel
  7313 | D:6      | Killed Pikel
  7313 | D:6      | Reached XP level 8. HP: 51/66 MP: 8/15
  7526 | D:6      | Learned a level 2 spell: Sticks to Snakes
  7569 | D:7      | Reached skill level 5 in Spellcasting
  7762 | D:7      | Found a blossoming altar of Fedhas.
  7948 | D:7      | Found a burning altar of Makhleb.
  8118 | D:7      | Noticed Menkaure
  8119 | D:7      | Killed Menkaure
  8119 | D:7      | Reached XP level 9. HP: 71/72 MP: 16/16
  8150 | D:7      | Learned a level 3 spell: Spider Form
  8357 | D:7      | Gained mutation: You cannot study or use magical devices. [Ru sacrifice]
  8357 | D:7      | Reached ** piety under Ru
  8357 | D:7      | Reached *** piety under Ru
  8357 | D:7      | Reached **** piety under Ru
  8441 | D:7      | Reached skill level 1 in Poison Magic
  8702 | D:7      | Identified a scroll of acquirement
  8708 | D:7      | Learned a level 3 spell: Ignite Poison
  8822 | D:8      | Reached skill level 6 in Transmutations
  8825 | D:8      | Reached skill level 1 in Fire Magic
  8846 | D:8      | Found a shattered altar of Ashenzari.
  9034 | D:8      | Found a bloodstained altar of Trog.
  9100 | D:8      | Found a shadowy altar of Dithmenos.
  9213 | D:8      | Found Saesiab's Assorted Antiques.
  9219 | D:8      | Bought a potion of heal wounds for 150 gold pieces
  9234 | D:8      | Reached skill level 5 in Fighting
  9450 | D:8      | Found a glowing silver altar of Zin.
  9643 | D:9      | Reached skill level 5 in Dodging
  9700 | D:9      | Noticed a troll
  9712 | D:9      | Killed a troll
 10493 | D:9      | Gained mutation: You are sensitive to extremes of temperature (rF-, rC-). [Ru sacrifice]
 10493 | D:9      | Reached ***** piety under Ru
 10493 | D:9      | Reached ****** piety under Ru
 10659 | D:9      | Reached XP level 10. HP: 77/81 MP: 15/18
 11139 | D:9      | Learned a level 4 spell: Olgreb's Toxic Radiance
 11261 | D:10     | Entered Level 10 of the Dungeon
 11261 | D:10     | Found a staircase to the Lair.
 11378 | D:10     | Noticed a deep elf mage
 11392 | D:10     | Killed a deep elf mage
 11397 | D:10     | Noticed a gargoyle
 11407 | D:10     | Killed a gargoyle
 11672 | D:10     | Noticed a hill giant
 11690 | D:10     | Killed a hill giant
 11690 | D:10     | Reached skill level 5 in Stealth
 11759 | Lair:1   | Entered Level 1 of the Lair of Beasts
 11761 | Lair:1   | Noticed a spiny frog
 11798 | Lair:1   | Killed a spiny frog
 11798 | Lair:1   | Reached skill level 5 in Ice Magic
 12320 | Lair:1   | Found a stormy altar of Qazlal.
 12421 | Lair:1   | HP: 2/99 [yak (5)]
 12444 | Lair:1   | Reached XP level 11. HP: 12/89 MP: 4/20
 12466 | Lair:1   | HP: 5/106 [yak (10)]
 12468 | Lair:1   | Reached skill level 7 in Transmutations
 12950 | Lair:1   | Reached skill level 5 in Fire Magic
 12972 | Lair:1   | HP: 5/109 [polar bear (1)]
 12975 | Lair:1   | HP: 2/109 [polar bear (4)]
 12977 | Lair:1   | Slain by a polar bear

Skill      XL: |  1  2  3  4  5  6  7  8  9 10 11 |
---------------+----------------------------------+-----
Dodging        | 2 3 4 5 |  5.8
Stealth        | 1 3 4 5 |  5.8
Transmutations | 3 5 6 7 |  7.1
Ice Magic      | 2 3 2 4 5 |  5.3
Fighting       | 2 4 5 6 |  6.5
Spellcasting   | 3 4 5 6 |  6.3
Unarmed Combat | 5 6 |  6.8
Poison Magic   | 3 4 |  4.9
Fire Magic     | 3 4 5 |  5.2

Action                   |  1- 3 |  4- 6 |  7- 9 | 10-12 || total
-------------------------+-------+-------+-------+-------++-------
Melee: Unarmed           |    90 |   300 |   881 |   291 ||  1562
       Tailslap          |    11 |    30 |   138 |    26 ||   205
       Kick              |     3 |    16 |    23 |    17 ||    59
       Punch             |     1 |     6 |    26 |     8 ||    41
       Headbutt          |       |    17 |    22 |     3 ||    42
 Cast: Beastly Appendage |     3 |    16 |    23 |     7 ||    49
       Ice Form          |       |     1 |    10 |     7 ||    18
       Blade Hands       |       |       |     3 |     1 ||     4
       Spider Form       |       |       |     1 |       ||     1
       Sticks to Snakes  |       |       |     1 |       ||     1
       Olgreb's Toxic Ra |       |       |       |     3 ||     3
       Ignite Poison     |       |       |       |     1 ||     1
Invok: Sacrifice Experie |       |     1 |       |       ||     1
       Power Leap        |       |       |     3 |     1 ||     4
       Sacrifice Artific |       |       |     1 |       ||     1
       Sacrifice Resista |       |       |     1 |       ||     1
       Draw Out Power    |       |       |       |     2 ||     2
 Abil: Breathe Fire      |       |       |     8 |     1 ||     9
       End Transformatio |       |       |     1 |       ||     1
Evoke: Wand              |       |     1 |     1 |       ||     2
  Use: Scroll            |     6 |     4 |    12 |     1 ||    23
       Potion            |     3 |     4 |    10 |     9 ||    26
 Stab: Sleeping          |       |     1 |    12 |     2 ||    15
       Invisible         |       |       |     3 |     9 ||    12
       Distracted        |       |       |     2 |     1 ||     3
       Paralysed         |       |       |       |     9 ||     9
  Eat: Bread ration      |       |     2 |     1 |     1 ||     4
       Chunk             |       |     1 |     5 |     1 ||     7
       Fruit             |       |     1 |    14 |     4 ||    19
       Pizza             |       |       |     1 |     1 ||     2
       Meat ration       |       |       |     1 |     1 ||     2
       Beef jerky        |       |       |     1 |       ||     1
Armor: Skin              |    20 |    64 |   158 |    58 ||   300
Dodge: Dodged            |    42 |   232 |   502 |   202 ||   978
